 Dungeon Crawl Stone Soup version 0.29.1-15-g9cfb28693d (webtiles) character file.

Game seed: 15626540466513046413

41 CrimsonVi the Chopper (level 3, 0/30 HPs)
             Began as a Minotaur Gladiator on Mar 29, 2023.
             Slain by a gnoll
             ... wielding a +0 club
              (4 damage)
             ... on level 2 of the Dungeon.
             The game lasted 00:03:41 (902 turns).

CrimsonVi the Chopper (Minotaur Gladiator)           Turns: 902, Time: 00:03:42

Health: 0/30       AC:  3    Str: 20    XL:     3   Next: 32%
Magic:  2/2        EV: 12    Int:  5    God:
Gold:   107        SH:  0    Dex: 11    Spells: 2/2 levels left

rFire   . . .      SeeInvis .   a - +0 war axe
rCold   . . .      Faith    .   (no shield)
rNeg    . . .      Spirit   .   b - +0 leather armour
rPois   .          Reflect  .   c - +0 hat
rElec   .          Harm     .   (no cloak)
rCorr   .          Rampage  .   (no gloves)
Will    .....                   (no boots)
Stlth   +.........              (no amulet)
HPRegen 0.10/turn               (no ring)
MPRegen 0.08/turn               (no ring)

@: no status effects
A: horns 2, retaliatory headbutt
a: no special abilities


You were on level 2 of the Dungeon.
You visited 1 branch of the dungeon, and saw 2 of its levels.

You collected 107 gold pieces.

Inventory:

Hand Weapons
 a - a +0 war axe (weapon)
Missiles
 d - 3 throwing nets (quivered)
 e - a javelin
Armour
 b - a +0 leather armour (worn)
 c - a +0 hat (worn)
Scrolls
 f - a scroll of blinking {unknown}
 g - a scroll of poison {unknown}
 h - a scroll of identify {unknown}
Potions
 i - 2 potions of mutation {unknown}


   Skills:
 + Level 2.5 Fighting
 + Level 4.5 Axes
 + Level 2.1 Throwing
 + Level 0.5 Armour
 + Level 3.9 Dodging
 + Level 0.1 Stealth


You had 2 spell levels left.
You didn't know any spells.
Your spell library contained the following spells:

 Spells                   Type           Power      Damage    Failure   Level
 Sting                    Tmut/Pois      0%         1d3       54%         1
 Summon Small Mammal      Summ           0%         N/A       54%         1
 Poisonous Vapours        Pois/Air       0%         N/A       67%         2
 Call Canine Familiar     Summ           0%         N/A       88%         3
 Summon Guardian Golem    Hex/Summ       0%         N/A       88%         3
 Olgreb's Toxic Radiance  Pois           0%         N/A       99%         4


Dungeon Overview and Level Annotations

Branches:
Dungeon (2/15)

Altars:


Innate Abilities, Weirdness & Mutations

You have a pair of horns on your head.
You reflexively headbutt those who attack you in melee.


Message History

The worm barely misses you. You furiously retaliate!
You headbutt the worm. You barely miss the worm.
The worm is severely wounded.
You barely miss the worm.
The worm is severely wounded.
The worm bites you!
You slash the worm!
You kill the worm!
You barely miss the quokka. The quokka bites you. The quokka barely misses you.
You closely miss the quokka.
The quokka bites you but does no damage.
You closely miss the quokka. The quokka bites you. x2
You slash the quokka!
You kill the quokka!
Found a book of Flames.
A gnoll comes into view. It is wielding a +0 club.
The gnoll shouts!
A gnoll comes into view. It is wielding a +0 whip.
The gnoll moves out of view.
A goblin and a gnoll come into view.
Found 9 gold pieces and 7 stones.
The gnoll shouts! x2; You hear a shout!
You hear an angry hiss.
A bat comes into view.
Found a sedimented white potion and a mace.
The bat hits you but does no damage. The goblin hits you with a +0 dagger.
The gnoll hits you with a +0 club. The bat closely misses you.
You furiously retaliate!
You headbutt the bat!
You kill the bat!
You slash the goblin!
You kill the goblin!
You closely miss the gnoll.
A kobold comes into view. It is wielding a +0 sling.
The gnoll hits you with a +0 club!
* * * LOW HITPOINT WARNING * * *
The gnoll hits you with a +0 whip.
* * * LOW HITPOINT WARNING * * *
The gnoll hits you with a +0 club.
* * * LOW HITPOINT WARNING * * *
The gnoll attacks as you move away! The gnoll hits you with a +0 club.
You die...

#. ... .#.# )#
#K##.#.
(.#.....
.####.#.... .
......#... .#
..#..!...# #.#
#..#..ggg#...
#...##@##.#
####..#....#
#........#.####
...$.#.........
#.## #.....####
#.......##
#..##†#..##
#.........#
#..#####.##


You could see 3 gnolls and a kobold.

Vanquished Creatures
  2 worms (D:2)
  2 endoplasms (D:1)
  6 hobgoblins
  3 jackals (D:1)
  3 quokkas
  3 ball pythons (D:1)
  3 bats
  4 frilled lizards (D:1)
  4 goblins
  2 kobolds (D:1)
  2 rats (D:1)
34 creatures vanquished.

Notes
Turn   | Place    | Note
-------+----------+-------------------------------------------
     0 | D:1      | CrimsonVi the Minotaur Gladiator began the quest for the
                  | Orb.
     0 | D:1      | Reached XP level 1. HP: 18/18 MP: 0/0
    82 | D:1      | Reached XP level 2. HP: 14/25 MP: 1/1
    89 | D:1      | Reached skill level 4 in Axes
   601 | D:1      | Reached XP level 3. HP: 30/30 MP: 2/2
   902 | D:2      | Slain by a gnoll

Illustrated notes

Levels and vault maps discovered:
D:1:      lightli_iron_boxes, layout_basic, bh_walls_and_bars
D:2:      layout_basic, shapermc_ecumenical_altar_mp_highgroup, basic_altar,
          minmay_tetromino_i4, uniq_natasha, uniq_robin

Skill      XL: |  1  2 |
---------------+-------+-----
Axes           | 4 |  4.5
Fighting       | |  2.5
Throwing       | |  2.1
Armour         | |  0.5
Dodging        | |  3.9
Stealth        | |  0.1

Action                   || total
-------------------------++-------
Melee: War axe           ||    66
       Headbutt          ||     3
Armor: Leather armour    ||    13
Dodge: Dodged            ||    53
